AoeStats
← Oskar

Arena

509693235Analyzed
1v1 RM · 3d ago on Sep 27, 2026· 50m 14s· 2 players
Game mode
Random Map
Map size
Tiny (2 player)
Population
200
Speed
Normal
Resources
Standard
Victory
Conquest
Starting age
Dark Age
Ending age
Imperial Age
RankedLock teamsTeams togetherTeam positionsShared explorationLock speedFull tech treeHidden civsTurbo modeCheats
Victory
Defeat
🇳🇱 Mongols · Netherlands
950
+16
🇺🇸 Bulgarians · United States
954
-16
Oskar
9:30 Feudal Age
11:40 Double-Bit Axe
14:44 Castle Age
17:42 Man-at-Arms
18:08 Arson
18:51 Scale Mail Armor
19:17 Long Swordsman
21:05 Chain Mail Armor
21:13 Forging
24:04 Bow Saw
23:37 Horse Collar
33:14 Imperial Age
32:11 Heavy Plow
32:48 Wheelbarrow
32:11 Elite Skirmisher
33:23 Husbandry
33:33 Bloodlines
34:09 Hand Cart
36:24 Thumb Ring
36:15 Fletching
36:25 Padded Archer Armor
37:07 Conscription
38:31 Chemistry
37:55 Ballistics
37:31 Gold Mining
37:50 Bodkin Arrow
39:08 Chemistry
38:26 Leather Archer Armor
38:56 Scale Barding Armor
40:20 Drill
40:05 Bracer
40:44 Iron Casting
41:09 Gold Shaft Mining
41:26 Chain Barding Armor
40:41 Cavalier
44:28 Siege Engineers
48:25 Blast Furnace
jonesjm
12:57 Feudal Age
11:14 Loom
15:03 Horse Collar
17:27 Castle Age
17:07 Double-Bit Axe
22:44 Forging
37:27 Bow Saw
38:40 Wheelbarrow
42:20 Imperial Age
40:46 Hand Cart
40:04 Elite Skirmisher
40:41 Fletching
40:53 Padded Archer Armor
40:54 Gold Mining
41:26 Town Watch
41:45 Bodkin Arrow
41:46 Pikeman
42:49 Leather Archer Armor
42:49 Halberdier
43:39 Bracer
43:42 Scale Mail Armor
43:47 Heavy Plow
45:26 Iron Casting
45:07 Chain Mail Armor
45:31 Thumb Ring
46:29 Ballistics
47:10 Chemistry
46:39 Town Patrol
47:12 Conscription
49:34 Blast Furnace
49:05 Plate Mail Armor
49:50 Scale Barding Armor
Connection lost

Rejoining the realm…

Still unreachable

The connection could not be restored.

Session expired

The server has moved on; the page needs a fresh start.